 Dungeon Crawl Stone Soup version 0.25-a0-1024-gbfbf38f2cb (webtiles) character file.

Game seed: 12851938127751816282, levelgen mode: deterministic

184 Flugslaktarn the Chopper (level 5, -2/47 HPs)
             Began as a Minotaur Fighter on May 12, 2020.
             Killed from afar by an orc wizard (7 damage)
             ... with a puff of frost
             ... on level 4 of the Dungeon.
             The game lasted 00:00:49 (1132 turns).

Flugslaktarn the Chopper (Minotaur Fighter)         Turns: 1132, Time: 00:00:50

Health: -2/47      AC:  9    Str: 21    XL:     5   Next: 36%
Magic:  4/4        EV:  7    Int:  5    God:
Gold:   75         SH:  9    Dex: 10    Spells: 4/4 levels left

rFire    . . .     SeeInvis .   a - +0 war axe
rCold    . . .     Gourm    .   c - +0 kite shield
rNeg     . . .     Faith    .   b - +0 scale mail
rPois    .         Spirit   .   (helmet restricted)
rElec    .         Reflect  .   n - +1 cloak
rCorr    .         Harm     .   (no gloves)
MR       .....                  (no boots)
Stlth    ..........             (no amulet)
HPRegen  0.15/turn              (no ring)
MPRegen  0.09/turn              (no ring)

@: lethally poisoned (-2 -> -20), stab
A: retaliatory headbutt, horns 2
a: no special abilities


You were on level 4 of the Dungeon.
You were not hungry.

You visited 1 branch of the dungeon, and saw 4 of its levels.

You collected 75 gold pieces.

Inventory:

Hand Weapons
 a - a +0 war axe (weapon)
Armour
 b - a +0 scale mail (worn)
 c - a +0 kite shield (worn)
 n - a +1 cloak (worn)
   (You found it on level 2 of the Dungeon)
Jewellery
 m - an uncursed amulet of magic regeneration {unknown}
   (You found it on level 2 of the Dungeon)
Scrolls
 h - a scroll of blinking {unknown}
 i - 2 scrolls of amnesia {unknown}
 j - a scroll of noise {unknown}
 l - a scroll of remove curse {unknown}
 o - a scroll of immolation {unknown}
 p - a scroll of magic mapping {unknown}
 q - a scroll of random uselessness
 r - a scroll of identify
Potions
 d - a potion of might
Comestibles
 e - 2 rations
 k - 2 chunks of flesh


   Skills:
 + Level 4.6 Fighting
 * Level 4.7 Axes
 + Level 4.6 Armour
 + Level 4.6 Shields


You had 4 spell levels left.
You didn't know any spells.
Your spell library was empty.

Dungeon Overview and Level Annotations

Branches:
Dungeon (4/15)
 Temple: D:4-7

Altars:
Dithmenos
Kikubaaqudgha
Vehumet


Innate Abilities, Weirdness & Mutations

You reflexively headbutt those who attack you in melee.
You have a pair of horns on your head.


Message History

q - a scroll of random uselessness;
r - a scroll of identify
k - 2 chunks of flesh You feel sick.
Something hits you but does no damage. You block the orc's attack.
The orc wizard points at you and mumbles some strange words.
The magic dart hits you.
* * * LOW HITPOINT WARNING * * *
As you read the scroll labeled QITUES VOFROR, it crumbles to dust.
It is a scroll of enchant armour.
Your +0 cloak glows green for a moment.
* * * LOW HITPOINT WARNING * * *
You feel sick.
You hear some strange, mumbled words.
A magic dart appears from out of thin air!
The magic dart hits you.
* * * LOW HITPOINT WARNING * * *
You hear some strange, mumbled words.
A puff of frost appears from out of thin air!
The puff of frost hits you!
You die...

###.......#..#...##.
#(.................
#.............#....
##.....o..##..#.... #
#§.o....##...#.... #.
##...§.##....#....
##..###.##......#......
#...............#..##..
##....@............#...
#....##o........##.....
#..... ##.)......#......
###.#...)........##..#..
###.......##...#...##.
#...(......##.##..## #
#.....#....#... ..
##....#..###.. #...##...
...


You could see an orc wizard (fast) and an orc.

Vanquished Creatures
  Jessica (D:2)
  3 worker ants (D:4)
  5 adders
  A gnoll (D:1)
  An adder skeleton (D:4)
  A worm (D:3)
  4 orcs (D:4)
  3 bats (D:2)
  2 goblins
  2 jackals (D:2)
  A quokka (D:2)
  2 frilled lizards
  A jackal skeleton (D:4)
  5 kobolds
32 creatures vanquished.

Notes
Turn   | Place    | Note
-------+----------+-------------------------------------------
     0 | D:1      | Flugslaktarn the Minotaur Fighter began the quest for the
                  | Orb.
     0 | D:1      | Reached XP level 1. HP: 19/19 MP: 0/0
    77 | D:1      | Reached XP level 2. HP: 25/27 MP: 1/1
   206 | D:2      | Reached XP level 3. HP: 24/33 MP: 2/2
   336 | D:2      | Found a radiant altar of Vehumet.
   343 | D:2      | Found a shadowy altar of Dithmenos.
   419 | D:2      | Noticed Jessica
   424 | D:2      | Killed Jessica
   424 | D:2      | Reached XP level 4. HP: 40/40 MP: 3/3
   804 | D:4      | Found an ancient bone altar of Kikubaaqudgha.
   961 | D:4      | Reached XP level 5. HP: 45/47 MP: 4/4
  1132 | D:4      | Killed from afar by an orc wizard

Illustrated notes

Levels and vault maps discovered:
D:1:      shiori_arrival_maze, layout_basic
D:2:      layout_loops_cross, grunt_temple_overflow_open, uniq_jessica
D:3:      layout_basic, first_ration, fedhas_ov_isle_minmay
D:4:      layout_cave_pools, nicolae_overflow_crystal_walls

Skill      XL: |  1  2  3  4 |
---------------+-------------+-----
Axes           | 3 4 |  4.7
Fighting       | 4 |  4.6
Armour         | 4 |  4.6
Shields        | 4 |  4.6

Action                   |  1- 3 |  4- 6 || total
-------------------------+-------+-------++-------
Melee: War axe           |    24 |    50 ||    74
       Headbutt          |     1 |    12 ||    13
  Use: Scroll            |       |     2 ||     2
       Potion            |       |     2 ||     2
  Eat: Chunk             |       |     1 ||     1
Armor: Scale mail        |    11 |    27 ||    38
Dodge: Dodged            |    10 |    14 ||    24
Block: Kite shield       |    17 |    19 ||    36

Table legend:
 A = Non-vault XP
 B = Vault XP
 C = Vault XP percentage of total XP
 D = Non-vault monster count
 E = Vault monster count
 F = Vault count percentage of total count
                 A         B        C        D         E       F
            +---------+---------+-------+---------+---------+-------
      Total |     227 |      37 |  14.0 |      31 |       1 |   3.1
            +---------+---------+-------+---------+---------+-------
        D:1 |      18 |       0 |   0.0 |       4 |       0 |   0.0
        D:2 |      55 |      37 |  40.2 |      12 |       1 |   7.7
        D:3 |      21 |       0 |   0.0 |       4 |       0 |   0.0
        D:4 |     133 |       0 |   0.0 |      11 |       0 |   0.0
            +---------+---------+-------+---------+---------+-------
